Cogmind - Beta 13 @@@ ROGUE MODE // 2024.04.03 @ 00:43:02 Player: Kiselkoff Result: Destroyed by G-34 Mercenary with Small Laser Performance ------------- Evolutions (1) 500 Regions Visited (2) 400 Robots Destroyed (23) 115 Value Destroyed (564) 564 Prototype IDs (2) 40 Alien Tech Used (0) 0 Bonus (0) 0 TOTAL SCORE: 1619 Bonus ------- None Cogmind --------- Core Integrity 0/400 Matter 300/300 Energy 43/100 System Corruption 5% Temperature Cool (6) Movement Core (50) Location -9/Materials Parts ------- > --- POWER (1) -------- (None) > --- PROPULSION (3) --- (None) > --- UTILITY (3) ------ Heat Sink Visual Processing Unit Authchip [Processor] > --- WEAPON (2) ------- (None) > --- INVENTORY (5) ---- Aluminum Leg Large Matter Pod (150) Peak State ------------ > --- POWER ------------ Light Nuclear Core > --- PROPULSION ------- Aluminum Leg Aluminum Leg Aluminum Leg > --- UTILITY ---------- Visual Processing Unit Sensor Array > --- WEAPON ----------- Light Assault Rifle Heavy Assault Rifle > --- INVENTORY -------- Large Matter Pod Authchip [Processor] [Rating: 12] Favorites ----------- Power Light Ion Engine Engine Light Ion Engine Power Core Light Nuclear Core Propulsion Aluminum Leg Leg Aluminum Leg Flight Unit Flight Unit Utility Heat Sink Device Heat Sink Processor Visual Processing Unit Hackware Authchip [Processor] Weapon Assault Rifle Energy Gun Small Laser Ballistic Gun Assault Rifle Build | -11 -10 -9 ------- Run | Yrd Mat Mat Slots Evolved 2 | . . 2 Power . | . . . Propulsion 1 | . . 1 Utility 1 | . . 1 Weapon . | . . . Parts Attached 39 | 7 16 16 Power 6 | 1 3 2 Engine 5 | 1 3 1 Core 1 | . . 1 Reactor . | . . . Propulsion 16 | 2 8 6 Treads . | . . . Leg 15 | 2 7 6 Wheel . | . . . Hover . | . . . Flight 1 | . 1 . Utility 7 | 1 3 3 Device 3 | 1 . 2 Storage . | . . . Processor 3 | . 3 . Hackware 1 | . . 1 Protection . | . . . Artifact . | . . . Weapon 10 | 3 2 5 Energy Gun 3 | . . 3 Energy Cannon . | . . . Ballistic Gun 7 | 3 2 2 Ballistic Cannon . | . . . Launcher . | . . . Special Weapon . | . . . Impact Weapon . | . . . Slashing Weapon . | . . . Piercing Weapon . | . . . Special Melee Weapon . | . . . Unidentified Prototypes . | . . . Corrupted Parts 1 | . . 1 System Corruption 5 | . . 5 Parts Lost 14 | . 1 13 Power 2 | . . 2 Propulsion 5 | . . 5 Utility 2 | . . 2 Weapon 5 | . 1 4 Highest Loss Streak 8 | . 1 8 To Critical Strikes . | . . . Average Slot Usage (%) 93 | . 96 81 Engine 11 | . 14 4 Leg 26 | . 27 23 Device 12 | . 12 12 Processor 14 | . 14 15 Energy Gun 1 | . . 7 Ballistic Gun 23 | . 26 13 Naked Turns . | . . . Heaviest Build 10 | 8 8 10 Greatest Support 30 | 20 20 30 Greatest Overweight (x) 1 | . 1 1 Average Overweight (x) . | . . . Largest Inventory Capacity 5 | 5 5 5 Average Capacity 5 | 5 5 5 Most Carried 5 | 5 5 5 Average Carried 4 | 3 4 3 Final Capacity 5 | 5 5 5 Final Carried 5 | 4 5 2 Class Distribution -------------------- 59% | Scavenger-Mutant 40% | Mutant Dominant Class ---------------- Scavenger-Mutant | -10/Materials Scavenger-Mutant | -9/Materials Resources | -11 -10 -9 ----------- Run | Yrd Mat Mat Matter Collected 1024 | 306 428 290 Remotely . | . . . Salvage Created 720 | 39 433 248 Parts 54 | 2 40 12 Haulers Intercepted . | . . . Recyclers Shooed . | . . . Parts Field Recycled . | . . . Retrieved Matter . | . . . Parts Self-Destructed . | . . . Prevented . | . . . Kills | -11 -10 -9 ------- Run | Yrd Mat Mat Combat Hostiles Destroyed 18 | 1 11 6 Melee 1 | . . 1 Guns 17 | 1 11 5 Classes Destroyed 6 | 1 4 1 Recycler 1 | . 1 . Operator 1 | . 1 . Watcher 3 | . 3 . Swarmer 6 | . 6 . Grunt 11 | 1 5 5 Duelist 1 | . . 1 Best Kill Streak 5 | 1 3 5 Combat Bots Only 5 | 1 3 5 Max Kills in Single Turn 1 | 1 1 1 Gunslinging . | . . . Exploded . | . . . Melee 1 | . . 1 Uniques/NPCs Destroyed . | . . . Combat | -11 -10 -9 -------- Run | Yrd Mat Mat Hostile Shots Fired 191 | 7 71 113 Missed 46 | 2 22 22 Damage Taken 1899 | 58 557 1284 Core 611 | 24 183 404 Absorbed by Shields . | . . . Regen/Repaired (Parts) 21 | . 21 . Core Remaining (%) 53 | 90 17 . Volleys Fired 97 | 6 58 33 Largest 2 | 2 2 2 Hottest 80 | 40 40 80 Shots Fired 181 | 12 107 62 Gun 181 | 12 107 62 Cannon . | . . . Launcher . | . . . Special . | . . . Kinetic 161 | 12 107 42 Thermal 20 | . . 20 Explosive . | . . . Electromagnetic . | . . . Robot Hit Streak 17 | 5 12 17 Robot Miss Streak 5 | 2 5 2 Penetration Max . | . . . Secondary Targets 1 | . . 1 Max Gunslinging Chain 1 | . . 1 Shots Hit Robots 116 | 8 58 50 Core Hits 45 | 2 24 19 Critical Kills . | . . . Critical Parts Destroyed . | . . . Critical Strikes . | . . . Melee Attacks . | . . . Impact . | . . . Slashing . | . . . Piercing . | . . . Sneak Attacks . | . . . Combat Hostiles . | . . . Follow-up Attacks . | . . . Damage Inflicted 1281 | 105 657 519 Guns 1274 | 105 657 512 Cannons . | . . . Explosions . | . . . Melee . | . . . Ramming 7 | . . 7 Kinetic 1090 | 105 657 328 Thermal 184 | . . 184 Explosive . | . . . Electromagnetic . | . . . Impact . | . . . Slashing . | . . . Piercing . | . . . Highest Corruption 5 | . . 5 Average Corruption 5 | . . 5 Corruption Purged . | . . . Corruption Blocked . | . . . Effects 1 | . . 1 Parts Rejected 1 | . . 1 Overload Shots . | . . . Overflow Damage . | . . . Projectiles . | . . . Explosions . | . . . Melee . | . . . Knockbacks . | . . . Impact . | . . . Kinetic . | . . . Secondary . | . . . Self-Inflicted Damage 3 | . . 3 Shots . | . . . Rammed 2 | . . 2 Targets Rammed 5 | . . 5 Kicked 3 | . . 3 Crushed . | . . . Highest Temperature 33 | . . 33 Average Temperature 11 | . . 11 Received Heat Transfer 711 | 30 156 525 Siege Activations . | . . . Robots Corrupted . | . . . Combat Hostiles . | . . . Parts Fried . | . . . Impact Corruptions . | . . . Robots Melted . | . . . Combat Hostiles . | . . . Parts Melted . | . . . Heat Transferred 425 | . . 425 Parts Sabotaged . | . . . Parts Stolen . | . . . Parts Stripped . | . . . Power Chain Reactions . | . . . Alert | -11 -10 -9 ------- Run | Yrd Mat Mat Peak Influence 279 | 20 279 110 Initial 8 | . . 8 Average 47 | 15 57 58 Maximum Alert Level 1 | . 1 . Low Security (%) 96 | 100 94 100 Level 1 3 | . 5 . Level 2 . | . . . Level 3 . | . . . Level 4 . | . . . Level 5 . | . . . High Security . | . . . Max Security . | . . . Squads Dispatched 5 | . 3 2 Investigation 3 | . 2 1 Extermination . | . . . Reinforcement 2 | . 1 1 Assault . | . . . Garrison . | . . . Intercept . | . . . Searches Triggered . | . . . Construction Impeded . | . . . Haulers Reinforced . | . . . Active Scanning Responses . | . . . Cargo Convoy Interrupts . | . . . Stealth | -11 -10 -9 --------- Run | Yrd Mat Mat Distress Signals 3 | . 1 2 Communications Jammed . | . . . Distress Signals . | . . . Times Spotted 32 | 1 19 12 Peak Tracking Total 5 | 1 5 5 Tactical Retreats 3 | . 1 2 Traps | -11 -10 -9 ------- Run | Yrd Mat Mat Traps Triggered 1 | . 1 . Indirectly . | . . . Trap Hack Attempts . | . . . Triggered . | . . . Disarmed . | . . . Reprogrammed . | . . . Reused . | . . . Traps Extracted . | . . . Installed . | . . . Triggered . | . . . Machines | -11 -10 -9 ---------- Run | Yrd Mat Mat Machines Disabled 1 | . 1 . Max in Single Turn 1 | . 1 . Machines Repaired . | . . . Machines Dismantled . | . . . Machines Sabotaged . | . . . Overloaded Fab Kills . | . . . Hacking | -11 -10 -9 --------- Run | Yrd Mat Mat Machines Accessed 6 | . 5 1 Terminals 3 | . 3 . Fabricators . | . . . Repair Stations 1 | . 1 . Recycling Units 2 | . 1 1 Scanalyzers . | . . . Garrison Access . | . . . Total Hacks 26 | . 19 7 Successful 19 | . 13 6 Failed 7 | . 6 1 Catastrophic 1 | . 1 . Database Lockouts . | . . . Manual . | . . . Terminals 11 | . 11 . Fabricators . | . . . Repair Stations 5 | . 5 . Recycling Units 10 | . 3 7 Scanalyzers . | . . . Garrison Access . | . . . Terminal Hacks 6 | . 6 . Record 2 | . 2 . Prototype ID Bank 1 | . 1 . Alert Level 2 | . 2 . Unreport Threat 1 | . 1 . Fabricator Hacks . | . . . Repair Station Hacks 4 | . 4 . Scan Component 2 | . 2 . Repair 2 | . 2 . Recycling Unit Hacks 9 | . 3 6 Recycle Component 3 | . . 3 Process 1 | . . 1 Report Inventory 4 | . 3 1 Retrieve Components 1 | . . 1 Scanalyzer . | . . . Garrison Access Hacks . | . . . Unauthorized Hacks . | . . . Terminals . | . . . Fabricators . | . . . Repair Stations . | . . . Recycling Units . | . . . Scanalyzers . | . . . Garrison Access . | . . . Data Cores Recovered 1 | . 1 . Used 1 | . 1 . Hacking Detections 6 | . 5 1 Full Trace Events 4 | . 3 1 Feedback Events . | . . . Feedback Blocked . | . . . Robot Schematics Acquired . | . . . Robots Built . | . . . Authchips . | . . . Time . | . . . Total Robot Build Rating . | . . . Part Schematics Acquired . | . . . Parts Built . | . . . Authchips . | . . . Time . | . . . Total Part Build Rating . | . . . Parts Repaired 2 | . 2 . Time 52 | . 52 . Parts Recycled 3 | . . 3 Recycled Matter 49 | . . 49 Retrieved Matter . | . . . Retrieved Components 4 | . . 4 Parts Scanalyzed . | . . . Part Schematics Acquired . | . . . Parts Damaged . | . . . Bothacking | -11 -10 -9 ------------ Run | Yrd Mat Mat Used RIF Installer . | . . . Robots Hacked . | . . . Non-combat . | . . . Combat . | . . . Robot Hacks Applied . | . . . Relay Couplers Released . | . . . Fabnet Peak Effective % . | . . . Robots Rewired . | . . . Allies Hacked . | . . . Hacks Repelled . | . . . Allies | -11 -10 -9 -------- Run | Yrd Mat Mat Total Allies . | . . . Largest Group . | . . . Highest-Rated Group . | . . . Highest-Rated Ally . | . . . Total Orders . | . . . Ally Attacks . | . . . Total Damage . | . . . Kills . | . . . Allies Corrupted . | . . . Allies Melted . | . . . Intel | -11 -10 -9 ------- Run | Yrd Mat Mat Robot Analysis Total . | . . . Derelict Logs Recovered . | . . . Drone Launches . | . . . Drone Recoveries . | . . . Exploration | -11 -10 -9 ------------- Run | Yrd Mat Mat Turns Passed 1671 | 404 992 275 Spaces Moved 867 | 138 638 91 Core 20 | 19 . 1 Treads . | . . . Legs 845 | 119 636 90 Wheels . | . . . Hover . | . . . Flight 2 | . 2 . Fastest Speed 50 | 50 120 100 Average Speed 118 | 110 120 119 Slowest Speed 120 | 120 120 120 Overloaded Moves . | . . . Propulsion Burnouts . | . . . Robots Hopped . | . . . Cave-ins Triggered . | . . . Exploration Rate (%) 27 | 12 62 8 Regions Visited 2 Branch Regions . Pre-discovered Areas . | . . . Known Exits Taken . | . . . Unknown Exits Taken 2 | 1 1 . Scrap Searched . | . . . Spaces Dug . | . . . Terrain Destroyed . | . . . Melee . | . . . Projectile . | . . . AOE . | . . . Terrain Rammed . | . . . Walls Destroyed . | . . . Machines Disabled . | . . . Actions | -11 -10 -9 --------- Run | Yrd Mat Mat Total 1342 | 377 764 201 Wait 273 | 217 20 36 Move 865 | 137 637 91 Hop . | . . . Pick Up 43 | 10 18 15 Fast Attach 2 | . 1 1 Attach 21 | 6 5 10 Detach . | . . . Swap 16 | 1 10 5 Drop 20 | . 15 5 Fire 97 | 6 58 33 Melee . | . . . Ram 2 | . . 2 Kick 3 | . . 3 Crush . | . . . Escape Stasis . | . . . Rewire . | . . . Trap . | . . . Miscellaneous . | . . . Route ------- -11/Scrapyard -10/Materials (discovered 3 exits: *Mat x2 / *Min) -9/Materials History --------- Turn | Location | Event 2 | -11/Scrapyard | Met Revision 17 65 | -11/Scrapyard | Discovered new exit (range 8) 405 | -11/Scrapyard | Entered Materials 406 | -10/Materials | Build established: Mutant 423 | -10/Materials | Discovered new exit (range 13) 489 | -10/Materials | Identified exit to Mines 601 | -10/Materials | Discovered new exit (range 10) 729 | -10/Materials | Core integrity fell below 50% 884 | -10/Materials | Discovered new exit (range 7) 946 | -10/Materials | Repaired Aluminum Leg 968 | -10/Materials | Build established: Scavenger-Mutant 972 | -10/Materials | Repaired Aluminum Leg 992 | -10/Materials | Core integrity fell below 20% 1397 | -10/Materials | Entered another Materials area 1397 | -9/Materials | Evolved 2 slots: Propulsion x1, Utility x1 1527 | -9/Materials | Core integrity fell below 50% 1549 | -9/Materials | Lost 5 parts (1p2n1u1w) 1668 | -9/Materials | Core integrity fell below 20% 1672 | -9/Materials | Destroyed by G-34 Mercenary with Small Laser Last Messages --------------- button are only visible while in targeting mode. See the manual for a detailed description of its advanced features. 01667_ Kicked L-31 Rogue out of the way. Ramming works as a last resort when unarmed or blocked, but can have serious negative consequences. 01668_ Kicked L-31 Rogue out of the way. 01670_ Kicked L-31 Rogue. 01670_ Aluminum Leg destroyed. 01671_ Slammed into L-31 Rogue. 01671_ L-31 Rogue destroyed. [Achievement: Fist Fight] 01671_ Destabilizing: System interference. 01671_ Heat Sink temporarily disabled. 01671_ Visual Processing Unit temporarily disabled. 01672_ Acquired 38 matter. 01672_ Slammed into G-34 Mercenary. [Achievement: First Step to Greatness] Map ----- +----------------------------------------------------+ | ???????????????????????????????????????????????? | | ???????????????????????????????????????????????? | | ???????????????????????????????????????????????? | | ???????????????????????????????????????????????? | | ???????????????????????????????????????????????? | | ???????????????????????????????????????????????? | | ?????????????????????????????? ????????????????? | | ?????????????????????????????? ????????????????? | | ????????????????????????????##/##??????????????? | | ???????????????????????????? ??????????????? | | ???????????????????????????? #??????????????? | | ???????????????????????????? #??????????????? | | ????????????????????????????# #??????????????? | | ????????????????????????????# #??????????????? | | ????????????????????????????# #??????????????? | | ????????????????????????????# #??????????????? | | ????????????????????????????# #??????????????? | | ???????????????????????????? #??????????????? | | ????????????????????????????# #??????????????? | | ????????????????????????????# #??????????????? | | ????????????????????????????# #??????????????? | | ???????????????????########## #??????????????? | | ???????????????????# r # #??????"???????? | | ???????????????????#g""" # #???? ""???????? | | ???????????????????# """ g # #??"" ""???????? | | ???????????????????# """%@ # # """ ""???????? | | ???????????????????# g + + """ ""???????? | | ???????????????????# """ # # #????? | | ???????????????????# """ # # = #????? | | ???????????????????# """ # ###########????? | | ???????????????????# # #??????????? | | ???????????????????########## #??????????? | | ????????????????????????????# #??????????? | | ?????????????????????######## #########??????? | | ?????????????????????# # # #??????? | | ?????????????????????# """ # # """" #??????? | | ?????????????????????# "Y"/ + + """" #??????? | | ?????????????????????# # # """" #??????? | | ?????????????????????# = # # #??????? | | ?????????????????????# + #########??????? | | ?????????????????????#########+#####???????????? | | ?????????????????????????# #???????????? | | ?????????????????????????# #???????????? | | ?????????????????????????# #???????????? | | ?????????????????????????# #???????????? | | ?????????????????????????# #???????????? | | ?????????????????????????# #???????????? | | ?????????????????????????# #???????????? | | ?????????????????????????# #???????????? | | ?????????????????????????###########???????????? | +----------------------------------------------------+ Best States ------------- Heat Dissipation 38 Energy Generation 14 Energy Capacity 250 Matter Stores 300 Matter Capacity 300 Sight Range 18 Robot Scan Range 14 Terrain Scan Density 10 Evasion (%) 55 Targeting Accuracy 5 Authchip Count 1 Item Schematics ----------------- None Robot Schematics ------------------ None Fabricated ------------ Nothing Alien Tech Used ----------------- None Achievements -------------- Crack Shot Dynamic Key Everything Is Under Control First Step to Greatness Fist Fight One Hack Too Far Part-time Mechanic Storm Trooper Uninvited Guest Challenges ------------ None Game ------ Seed MyomerSensorDriver Manual? 0 Play Time 00:46:41 Cumulative 0.7 hours Start 2024.04.02 @ 23:44:59 End 2024.04.03 @ 00:43:02 Sessions 1 Manual Loads 0 Difficulty Rogue Special Mode None Game No. 1 Rogue 1 Adventurer 0 Explorer 0 Win Type - Total 0 Types 0/0/0/0/0/0/0/0/0 Lore% 0 Gallery% 1 Achievement% 3 Wizard Run 0 Options --------- Layout 1 ASCII 0 Keyboard 0 Movement Mouse Keybinds 0 Fullscreen 1 Font 32/SmallcapsGlow Map View 50x35 Zoom Use 0% Tactical HUD 1 Map Filters NONE Filters NONE Steam 1 RUN: 29515482-f8b5-45de-9fe0-c185b81d955e